 Dungeon Crawl Stone Soup version 0.18-a0-1078-gebb93d0 (webtiles) character file.

60 ater218 the Shield-Bearer (level 3, -1/29 HPs)
             Began as a Vampire Fighter on Jan 14, 2016.
             Succumbed to kobold's curare-tipped needle
             ... on level 3 of the Dungeon.
             The game lasted 00:07:31 (1728 turns).

ater218 the Shield-Bearer (Vampire Fighter)         Turns: 1728, Time: 00:07:31

Health: -1/29      AC:  6    Str: 15    XL:     3   Next: 82%
Magic:  2/3        EV:  7    Int: 10    God:
Gold:   108        SH:  9    Dex: 14    Spells: 0 memorised, 2 levels left

rFire  . . .     SeeInvis +     a - +1 long sword
rCold  . . .     Gourm    .     b - +0 scale mail
rNeg   + . .     Faith    .     c - +0 shield
rPois  .         Spirit   +     (no helmet)
rElec  .         Dismiss  .     (no cloak)
rCorr  .         Reflect  .     (no gloves)
SustAt .         Harm     .     (no boots)
MR     .....                    j - amulet of guardian spirit
Stlth  ..........               (no ring)
                                f - ring of positive energy

@: lethally poisoned (-1 -> -21), regenerating quickly, slowed, very slow, not
resistant to hostile enchantments, extremely unstealthy
A: fangs 3, see invisible, unbreathing
a: no special abilities


You were on level 3 of the Dungeon.
You were full.

You visited 1 branch of the dungeon, and saw 3 of its levels.

You collected 108 gold pieces.

Inventory:

Hand Weapons
 a - a +1 long sword (weapon)
 o - a cursed -3 dagger
Armour
 b - a +0 scale mail (worn)
 c - a +0 shield (worn)
Jewellery
 f - a ring of positive energy (left hand)
 j - an amulet of guardian spirit (around neck)
Scrolls
 e - a scroll of blinking {unknown}
 g - a scroll of remove curse
 h - a scroll of noise {unknown}
 i - 4 scrolls of teleportation
 k - 3 scrolls of identify
 l - a scroll of magic mapping {unknown}
Potions
 d - a potion of might
 m - 2 potions of blood
 n - a potion of ambrosia {unknown}


   Skills:
 + Level 3.1 Fighting
 + Level 2.5 Long Blades
 + Level 2.7 Armour
 + Level 0.7 Dodging
 + Level 3.2 Shields


You had 2 spell levels left.
You didn't know any spells.

Dungeon Overview and Level Annotations

Branches:
Dungeon (3/15)

Altars:
The Shining One


Innate Abilities, Weirdness & Mutations

Your natural rate of healing is unusually fast.
You have razor-sharp teeth.
You have supernaturally acute eyesight.
You can survive without breathing.


Message History

The kobold shoots a curare-tipped needle.
The curare-tipped needle barely misses you.
The kobold shoots a curare-tipped needle.
The curare-tipped needle hits you.
You are more poisoned.
You feel as though you will be slow longer.
You see here a curare-tipped needle.
* * * LOW HITPOINT WARNING * * *
You feel very sick.
The kobold shoots a curare-tipped needle.
You block the curare-tipped needle.
You see here a curare-tipped needle.
* * * LOW HITPOINT WARNING * * *
You feel very sick.
The kobold unwields an uncursed blowgun.
The kobold hits you.
* * * LOW HITPOINT WARNING * * *
You slash the kobold!
You kill the kobold!
You die...

#..# #.# #..# #.#
#..###.# .......#
#### #..######.#
#.. #.........#
>.. #..########
##.#####.# #..##
#.).......
....######## #.@#
#........... #.(#
#.#.###########.(#
#...............(#
###.###########(##
#.###########.#
#.............#
###############


There were no monsters in sight!

Vanquished Creatures
  2 adders
  An ooze (D:2)
  A giant gecko (D:1)
  A giant cockroach (D:1)
  5 goblins
  4 hobgoblins
  2 jackals (D:3)
  2 quokkas (D:2)
  A ball python (D:3)
  5 bats
  4 giant newts
  5 kobolds
  3 rats
36 creatures vanquished.

Notes
Turn   | Place    | Note
--------------------------------------------------------------
     0 | D:1      | ater218 the Vampire Fighter began the quest for the Orb.
     0 | D:1      | Reached XP level 1. HP: 17/17 MP: 1/1
   136 | D:1      | Reached skill level 3 in Fighting
   470 | D:1      | Reached XP level 2. HP: 17/24 MP: 2/2
   917 | D:2      | Reached XP level 3. HP: 27/29 MP: 3/3
  1673 | D:3      | Found a glowing golden altar of the Shining One.
  1728 | D:3      | Succumbed to kobold's curare-tipped needle

Vault maps used:
D:1:      minmay_arrival_split_and_join, serial_bayou_pond_e,
          serial_bayou_ford_a
D:3:      kennysheep_ying_yang, tso_oasis_becter, first_bread,
          minmay_close_crescents

Action                   || total
-------------------------++-------
Melee: Long sword        ||   117
  Use: Scroll            ||     5
       Potion            ||    11
